 Dungeon Crawl Stone Soup version 0.29.1-15-g9cfb28693d (webtiles) character file.

Game seed: 17555975992915228606

14466 MisterFreud the Spry (level 11, -5/54 HPs)
             Began as a Felid Berserker on Apr 11, 2023.
             Was a High Priest of Trog.
             Slain by a naga
             ... wielding a +0 glaive
              (24 damage)
             ... on level 3 of the Lair of Beasts on Apr 18, 2023.
             The game lasted 00:20:22 (12549 turns).

MisterFreud the Spry (Felid Berserker)             Turns: 12549, Time: 00:20:22

Health: -5/54      AC:  2    Str: 13    XL:     11   Next: 89%
Magic:  12/12      EV: 31    Int:  9    God:    Trog [*****.]
Gold:   1027       SH:  0    Dex: 20    Spells: 10/10 levels left
                                        Lives:  0   Deaths: 3

rFire   . . .      SeeInvis +     - Unarmed
rCold   . . .      Faith    .   (shield unavailable)
rNeg    . . .      Spirit   .   (body armour unavailable)
rPois   +          Reflect  .   (helmet unavailable)
rElec   .          Harm     .   (cloak unavailable)
rCorr   .          Rampage  .   (gloves unavailable)
Will    +....                   (boots unavailable)
Stlth   +++++.....              t - amulet of regeneration
HPRegen 0.98/turn               k - ring of poison resistance
MPRegen 0.13/turn               i - +4 ring of evasion

@: constricted, quick
A: very small, claws 1, fangs 3, see invisible, speed 1, shaggy fur 2, stealthy
paws, no weapons or thrown items, no armour, multi-lived
a: Renounce Religion, Berserk, Trog's Hand, Brothers in Arms


You were on level 3 of the Lair of Beasts.
You worshipped Trog.
Trog was extremely pleased with you.
You visited 2 branches of the dungeon, and saw 15 of its levels.

You collected 1027 gold pieces.

Inventory:

Jewellery
 g - a ring of fire
 i - a +4 ring of evasion (right paw)
 k - a ring of poison resistance (left paw)
 s - an amulet of magic regeneration
 t - an amulet of regeneration (around neck)
 C - a ring of willpower
 F - a ring of fire
 G - a +6 ring of dexterity
 K - a ring of positive energy
Wands
 b - a wand of roots (15)
 h - a wand of charming (5)
 m - a wand of quicksilver (20)
 x - a wand of flame (25)
 y - a wand of mindburst (19)
Scrolls
 d - a scroll of blinking
 e - a scroll of magic mapping
 f - 4 scrolls of identify
 n - 3 scrolls of butterflies
 u - 2 scrolls of summoning
 A - 4 scrolls of poison
 J - a scroll of teleportation
Potions
 a - 3 potions of haste
 c - 6 potions of flight
 j - a potion of invisibility
 l - 2 potions of cancellation
 o - 5 potions of heal wounds
 p - a potion of resistance
 q - 2 potions of curing
 r - 6 potions of might
 v - 2 potions of brilliance
 w - a potion of ambrosia
 z - 2 potions of mutation
 B - a potion of attraction
 D - a potion of experience {unknown}
 E - a potion of berserk rage {unknown}
 I - a potion of magic {unknown}
Miscellaneous
 H - a box of beasts
 L - a phantom mirror


   Skills:
 - Level 10.0 Fighting
 - Level 15.0 Dodging
 - Level 10.0 Stealth
 + Level 14.4 Unarmed Combat
 - Level 8.0 Evocations


You had 10 spell levels left.
You didn't know any spells.
Your spell library was empty.

Dungeon Overview and Level Annotations

Branches:
Dungeon (12/15)            Temple (0/1) D:7            Lair (3/5) D:11
 Shoals (0/4) Lair:2        Snake (0/4) Lair:3
    Orc: D:9-12

Altars:
Fedhas
Gozag
Hepliaklqana
Nemelex Xobeh
Okawaru
Ru
Sif Muna
Uskayaw
Wu Jian
Xom
The Shining One
Lugonu

Shops:
D:6 *

Portals:
Abyss: D:9

Annotations:
Lair:1 exclusion: orange crystal statue


Innate Abilities, Weirdness & Mutations

You have sharp claws.
You have razor-sharp teeth.
You have supernaturally acute eyesight. (SInv)
You cover ground quickly. (Speed+)
You are covered in thick fur. (AC +2)
Your paws help you pounce on unaware monsters.
You are incapable of wielding weapons or throwing items.
You cannot wear armour.
You gain extra lives every three experience levels.


Message History

Trog accepts your kill. The naga spits poison at you.
The splash of poison misses you.
You hear a shout!
The naga spits poison at you. The splash of poison misses you.
You see here a +0 war axe.
You mangle the naga!! You bite the naga, but do no damage.
The naga is almost dead.
The naga spits poison at you. The splash of poison misses you.
You scratch the naga.
You kill the naga!
Trog accepts your kill.
The naga hits you from afar with a +0 glaive!!
The naga spits poison at you. The splash of poison hits you. You resist.
You see here 3 boomerangs.
You claw the naga!
The naga is heavily wounded.
The naga barely misses you. The naga completely misses you.
You closely miss the naga. Your claw misses the naga.
The naga is heavily wounded.
The naga misses you. The naga grabs you. The naga constricts you.
The naga completely misses you.
You are too injured to fight recklessly!
You are too injured to fight recklessly!
You are too injured to fight recklessly!
You claw the naga! You bite the naga, but do no damage.
The naga is almost dead.
The naga completely misses you. The naga constricts you.
You mangle the naga!!
You kill the naga!
Trog accepts your kill.
You barely miss the naga. The naga completely misses you.
The naga constricts you.
You claw the naga! You claw the naga, but do no damage.
The naga is heavily wounded.
The naga hits you with a +0 glaive!!
You die...

#..## # #...## ##
###.P# ### ##. #...)##
##P######..
##.##.#####......#..#
##...##.............##
#).).)#............##
##...).##..........#
#..###@.#..........#
#.....N)#..........##
#...>...#.<.....†..P##
#.......#............#
#..###..#............##
##. ..###............#
# ..# ###.........##
.## ###........# ##.
####........#


You could see a naga.

Vanquished Creatures
  Frances (D:12)
  A fire dragon (Lair:1)
  The ghost of Umnimeq the Martial Artist, a journeyman OpTm of Ashenzari (Lair:2)
  2 hydras
  A catoblepas (Lair:2)
  2 two-headed ogres (D:10)
  4 death yaks (Lair:1)
  Nergalle (Lair:2)
  2 deep elf pyromancers
  Pikel (D:5)
  Maurice (D:9)
  5 elephants
  A manticore (D:12)
  A merfolk siren (Lair:2)
  2 black mambas
  6 cane toads
  Maggie (D:6)
  A kobold demonologist (D:11)
  A gargoyle (D:12)
  An unseen horror (D:12)
  3 rime drakes
  A tengu conjurer (D:11)
  2 polar bears (Lair:2)
  A troll (D:11)
  2 hornets (D:11)
  Grinder (D:3)
  Prince Ribbit (D:6)
  3 blink frogs (Lair:3)
  2 shadows (D:10)
  A wraith (D:11)
  Sigmund (D:5)
  A wyvern (D:9)
  24 yaks
  3 basilisks
  2 vampire mosquitoes (D:12)
  6 nagas (Lair:3)
  An acid dragon (D:12)
  Menkaure (D:6)
  3 water moccasins
  Edmund (D:5)
  Duvessa (D:6)
  3 ice beasts
  2 orc warriors
  2 black bears
  4 centaurs
  8 wolves (Lair:2)
  3 ogres
  4 phantoms
  3 kobold brigands
  7 bullfrogs
  2 gnoll sergeants
  5 scorpions
  3 necrophages (D:6)
  6 wights
  Dowan (D:6)
  4 howler monkeys
  2 electric eels (Lair:1)
  5 hounds
  Crazy Yiuf (D:2)
  2 orc priests (D:3)
  2 jellies
  A gnoll bouda (D:7)
  Jessica (D:2)
  3 iguanas
  7 orc wizards
  8 adders
  14 gnolls
  A shadow imp (D:7)
  3 white imps
  An ufetubus (D:5)
  2 worms (D:4)
  4 dart slugs
  32 orcs
  9 ball pythons
  6 endoplasms
  5 giant cockroaches
  9 goblins
  9 hobgoblins
  3 jackals (D:3)
  3 quokkas
  5 bats
  2 frilled lizards
  21 kobolds
  9 rats
324 creatures vanquished.

Vanquished Creatures (others)
  A gargoyle (D:11)
  A butterfly (D:9)
  10 fungi
  14 plants
26 creatures vanquished.

Grand Total: 350 creatures vanquished

Notes
Turn   | Place    | Note
-------+----------+-------------------------------------------
     0 | D:1      | MisterFreud the Felid Berserker began the quest for the
                  | Orb.
     0 | D:1      | Reached XP level 1. HP: 10/10 MP: 2/2
    45 | D:1      | Reached skill level 1 in Stealth
   111 | D:1      | Reached XP level 2. HP: 13/14 MP: 3/3
   194 | D:1      | Found a faded altar of an unknown god.
   454 | D:1      | Reached ** piety under Trog
   725 | D:1      | You fall into a shaft and drop 1 floor!
   747 | D:2      | Reached XP level 3. HP: 17/17 MP: 4/4
   926 | D:2      | Found a sparkling altar of Nemelex Xobeh.
  1380 | D:2      | Reached XP level 4. HP: 21/21 MP: 5/5
  1617 | D:2      | Found a runed translucent door.
  1618 | D:2      | Noticed Crazy Yiuf
  1663 | D:2      | Killed Crazy Yiuf
  1747 | D:3      | Reached XP level 5. HP: 24/24 MP: 6/6
  1833 | D:3      | Reached skill level 5 in Stealth
  2465 | D:2      | Noticed Jessica
  2471 | D:2      | Killed Jessica
  2472 | D:2      | Reached skill level 5 in Unarmed Combat
  2805 | D:3      | Gained mutation: You are covered in thick fur. (AC +2)
                  | [Felid growth]
  2805 | D:3      | Reached XP level 6. HP: 28/28 MP: 7/7
  2974 | D:3      | Noticed Grinder
  2987 | D:3      | Paralysed by Grinder for 3 turns
  2993 | D:3      | Killed Grinder
  2994 | D:3      | Reached skill level 5 in Dodging
  3252 | D:3      | Found an iron altar of Okawaru.
  3367 | D:4      | Reached skill level 6 in Dodging
  3367 | D:4      | Reached XP level 7. HP: 14/31 MP: 8/8
  3413 | D:4      | Reached *** piety under Trog
  3476 | D:4      | Reached skill level 7 in Dodging
  3573 | D:4      | Reached skill level 8 in Dodging
  3633 | D:4      | Found a sacrificial altar of Ru.
  4067 | D:5      | Entered Level 5 of the Dungeon
  4133 | D:5      | Reached skill level 9 in Dodging
  4150 | D:5      | Noticed Edmund
  4158 | D:5      | Reached XP level 8. HP: 34/34 MP: 9/9
  4162 | D:5      | Killed Edmund
  4163 | D:5      | Reached skill level 10 in Dodging
  4171 | D:5      | Reached skill level 1 in Evocations
  4303 | D:5      | Noticed Sigmund
  4310 | D:5      | Killed Sigmund
  4517 | D:5      | Found a shimmering blue altar of Sif Muna.
  4596 | D:5      | Noticed Pikel
  4608 | D:5      | Killed Pikel
  4609 | D:5      | Reached XP level 9. HP: 41/41 MP: 10/10
  4903 | D:6      | Noticed Maggie
  4913 | D:6      | Killed Maggie
  4958 | D:6      | Found Havid's Assorted Antiques.
  4995 | D:6      | Reached **** piety under Trog
  5191 | D:6      | Noticed Menkaure
  5197 | D:6      | Reached skill level 11 in Dodging
  5202 | D:6      | Killed Menkaure
  5221 | D:6      | Found an ornate altar of the Wu Jian Council.
  5335 | D:6      | Noticed Dowan
  5342 | D:6      | Killed Dowan
  5343 | D:6      | Noticed Duvessa
  5344 | D:6      | Noticed Prince Ribbit
  5354 | D:6      | Killed Duvessa
  5361 | D:6      | Killed Prince Ribbit
  5669 | D:6      | Found a hide-covered altar of Uskayaw.
  5795 | D:7      | Reached XP level 10. HP: 45/45 MP: 11/11
  6082 | D:7      | Found a hazy altar of Hepliaklqana.
  6167 | D:7      | Found a staircase to the Ecumenical Temple.
  6203 | D:7      | Reached skill level 12 in Dodging
  6780 | D:8      | Reached skill level 10 in Stealth
  7006 | D:8      | Found a blossoming altar of Fedhas.
  7009 | D:8      | Found a shimmering altar of Xom.
  7453 | D:9      | Noticed Maurice
  7471 | D:9      | Killed Maurice
  7484 | D:9      | Reached ***** piety under Trog
  7570 | D:9      | Slain by a troll
  7571 | D:9      | Reached XP level 9. HP: -1/41 MP: 10/10
  7571 | D:9      | Found a glowing golden altar of the Shining One.
  7578 | D:9      | Noticed a five-headed hydra
  7599 | D:9      | Killed a five-headed hydra
  7600 | D:9      | Reached skill level 10 in Unarmed Combat
  7668 | D:9      | Found a corrupted altar of Lugonu.
  7668 | D:9      | Noticed a queen bee
  7669 | D:9      | Found a one-way gate to the infinite horrors of the Abyss.
  7670 | D:9      | Noticed a troll
  7670 | D:9      | a queen bee changed into a troll
  7733 | D:9      | Reached skill level 13 in Dodging
  7739 | D:9      | Reached XP level 10. HP: 27/45 MP: 11/11
  7865 | D:9      | Noticed a boulder beetle
  7889 | D:9      | HP: 2/45 [boulder beetle (21)]
  7895 | D:9      | HP: 1/45 [orc warrior/bolt (10)]
  7908 | D:10     | Entered Level 10 of the Dungeon
  8017 | D:10     | Noticed a two-headed ogre
  8019 | D:10     | Killed a two-headed ogre
  8020 | D:10     | Reached skill level 14 in Dodging
  8069 | D:10     | Found an opulent altar of Gozag.
  8103 | D:10     | Noticed a two-headed ogre
  8152 | D:10     | Killed a two-headed ogre
  8156 | D:10     | Reached skill level 15 in Dodging
  8699 | D:11     | Reached skill level 5 in Evocations
  8809 | D:11     | Found a staircase to the Lair.
  8828 | D:11     | Noticed a gargoyle
  8829 | D:11     | Noticed a deep elf pyromancer
  8843 | D:11     | Killed a gargoyle
  8855 | D:11     | Reached XP level 11. HP: 49/49 MP: 12/12
  8856 | D:11     | Killed a deep elf pyromancer
  9178 | D:12     | Noticed Frances
  9198 | D:12     | Killed Frances
  9255 | D:12     | Noticed a deep elf pyromancer
  9263 | D:12     | Killed a deep elf pyromancer
  9817 | Lair:1   | Entered Level 1 of the Lair of Beasts
  9825 | Lair:1   | Noticed an orange crystal statue
 10227 | Lair:1   | Noticed an eight-headed hydra
 10241 | Lair:1   | Slain by an eight-headed hydra
 10242 | Lair:1   | Reached XP level 10. HP: -2/49 MP: 11/11
 10399 | Lair:1   | Killed an eight-headed hydra
 10400 | Lair:1   | Reached skill level 10 in Fighting
 10400 | Lair:1   | Reached XP level 11. HP: 54/54 MP: 12/12
 10573 | Lair:2   | Found a staircase to the Shoals.
 10675 | Lair:2   | Noticed Nergalle
 11011 | Lair:2   | Noticed a spectral orc warlord
 11012 | Lair:2   | Killed Nergalle
 11014 | Lair:2   | Noticed a catoblepas
 11036 | Lair:2   | Slain by a catoblepas
 11037 | Lair:2   | Reached XP level 10. HP: 0/51 MP: 11/11
 11045 | Lair:2   | Killed a catoblepas
 11080 | Lair:1   | Killed an elephant
 11242 | Lair:2   | Noticed a death yak
 11244 | Lair:2   | Noticed a death yak
 11271 | Lair:1   | Killed a death yak
 11272 | Lair:1   | Reached XP level 11. HP: 54/54 MP: 12/12
 11413 | Lair:1   | Noticed a fire dragon
 11441 | Lair:1   | Killed a fire dragon
 11702 | Lair:2   | Noticed a death yak
 11702 | Lair:2   | Noticed a death yak
 11725 | Lair:1   | Killed a death yak
 11774 | Lair:1   | Killed a death yak
 11827 | Lair:1   | Killed a death yak
 11888 | Lair:2   | Found a runed translucent door.
 11888 | Lair:2   | Noticed Umnimeq's ghost (journeyman OpTm)
 12387 | Lair:2   | Killed Umnimeq's ghost
 12401 | Lair:2   | Identified the +5 quarterstaff "Zires" {vamp, Contam rC+
                  | Int+3}
 12507 | Lair:3   | Found a staircase to the Snake Pit.
 12549 | Lair:3   | Slain by a naga

Illustrated notes

Levels and vault maps discovered:
D:1:      wander_arrival_lonely_grave, layout_basic,
          chequers_ecumenical_altar_island
D:2:      minmay_chambers_of_twos, layout_loops_cross, basic_altar,
          minmay_tetromino_i2, uniq_jessica, uniq_crazy_yiuf_cottage
D:3:      layout_loops_cross, kennysheep_okawaru_gauntlet, st_stairs_7,
          uniq_grinder
D:4:      layout_loops_cross, mainiacjoe_overflow_24_doors,
          minmay_misc_feat_room
D:5:      layout_loops_cross, marbit_many_paths, uniq_pikel, uniq_sigmund,
          uniq_edmund
D:6:      layout_cave_pools, lemuel_tele_altar,
          mainiacjoe_overflow_six_doors_small, serial_shops, shop,
          due_unseen_surprise, uniq_menkaure, uniq_maggie, uniq_prince_ribbit1,
          uniq_duvessa
D:7:      layout_loops_corners, lemuel_crystal_altar,
          minmay_temple_entry_glassed_door
D:8:      layout_loops_ring, minitemple
D:9:      nzn_winding_woodlands_cross [nzn_winding_woodlands_5x15_sawtooth,
          nzn_winding_woodlands_5x15_zeroes, nzn_winding_woodlands_5x15_cabin,
          nzn_winding_woodlands_5x15_sidewinder,
          nzn_winding_woodlands_15x15_eel_pit], layout_cave_pools,
          nicolae_elyvilon_peaceful_grove,
          mainiacjoe_overflow_concentric_impassable, orc_0_dummy,
          chequers_avenue, amcnicky_altar_lugonu_corruption, uniq_maurice
D:10:     layout_roguey, kennysheep_mini_moat
D:11:     layout_roguey, lair_entry_dummy, lightli_fourway_metalbox
D:12:     layout_rooms, serial_rivers, chequers_serial_rivers_large_a,
          chequers_serial_rivers_large_b, chequers_serial_rivers_marsh,
          chequers_serial_rivers_marsh, uniq_frances
Lair:1:   dragon1_lemuel, layout_gridlike, disabler_island, serial_bayou_shore_a
Lair:2:   layout_regular_city, minmay_shoals_entry_lonely_mermaid,
          ebering_ghost_reflecting_pool, grunt_megastairs_4,
          serial_bayou_shore_b, lemuel_fruit_fields, lemuel_fruit_fields,
          uniq_nergalle
Lair:3:   layout_cave_pods, minmay_snake_entry_guardpost_medium,
          gammafunk_ghost_grave, chequers_serial_rivers_marsh,
          beast_lair_carwin_10, serial_bayou_shore_b

Skill      XL: |  1  2  3  4  5  6  7  8  9 10 11 |
---------------+----------------------------------+-----
Stealth        | 1 2 3 4 5 6 9 10 | 10.0
Unarmed Combat | 4 5 6 10 9 14 | 14.4
Dodging        | 6 9 10 13 15 | 15.0
Evocations     | 4 5 8 |  8.0
Fighting       | 6 10 9 | 10.0

Action                   |  1- 3 |  4- 6 |  7- 9 | 10-12 || total
-------------------------+-------+-------+-------+-------++-------
Melee: Unarmed           |    67 |    90 |   264 |   801 ||  1222
       Bite              |     7 |     6 |    30 |   135 ||   178
       Punch             |     1 |     4 |    19 |    74 ||    98
Invok: Berserk           |       |     3 |     8 |    10 ||    21
       Trog's Hand       |       |       |     1 |     6 ||     7
Evoke: Wand              |       |     2 |       |     2 ||     4
  Use: Scroll            |       |    15 |    10 |     5 ||    30
       Potion            |       |     1 |       |       ||     1
 Stab: Sleeping          |     5 |    17 |    16 |    31 ||    69
       Distracted        |     1 |       |     4 |     3 ||     8
Armor: Skin              |     2 |     1 |     8 |    21 ||    32
Dodge: Dodged            |    42 |    57 |   217 |   800 ||  1116
